 Dungeon Crawl Stone Soup version 0.28.0-49-g6dfe1f597d (webtiles) character file.

Game seed: 1559824282648572872

8 Exodus22XD the Sneak (level 2, -1/15 HPs)
             Began as a Kobold Enchanter on May 15, 2022.
             Slain by a jackal (2 damage)
             ... on level 1 of the Dungeon.
             The game lasted 00:00:18 (388 turns).

Exodus22XD the Sneak (Kobold Enchanter)              Turns: 388, Time: 00:00:19

Health: -1/15      AC:  2    Str:  5    XL:     2   Next: 15%
Magic:  5/5        EV: 15    Int: 16    God:
Gold:   9          SH:  0    Dex: 15    Spells: 3/5 levels left

rFire   . . .      SeeInvis .   a - +1 dagger
rCold   . . .      Faith    .   (no shield)
rNeg    . . .      Spirit   .   b - +0 robe
rPois   .          Reflect  .   (no helmet)
rElec   .          Harm     .   (no cloak)
rCorr   .          Rampage  .   (no gloves)
Will    .....                   (no boots)
Stlth   ++++......              (no amulet)
HPRegen 0.05/turn               (no ring)
MPRegen 0.09/turn               (no ring)

@: no status effects
A: small, no large weapons, nightstalker 3
a: no special abilities


You were on level 1 of the Dungeon.
You visited 1 branch of the dungeon, and saw 1 of its levels.

You collected 9 gold pieces.

Inventory:

Hand Weapons
 a - a +1 dagger (weapon)
Armour
 b - a +0 robe (worn)
Potions
 c - a potion of invisibility
 d - 2 potions of curing {unknown}
 e - a potion of resistance {unknown}


   Skills:
 - Level 1.3 Short Blades
 - Level 2.4 Dodging
 + Level 4.9 Stealth
 - Level 2.1 Spellcasting
 - Level 3.0 Hexes


You had 3 spell levels left.
You knew the following spells:

 Your Spells              Type           Power      Damage    Failure   Level
a - Ensorcelled Hibernat  Hex/Ice        12%        N/A       17%         2

Your spell library contained the following spells:

 Spells                   Type           Power      Damage    Failure   Level
 Confusing Touch          Hex            11%        N/A       19%         3
 Tukima's Dance           Hex            11%        N/A       19%         3
 Dazzling Flash           Conj/Hex       12%        N/A       32%         3


Dungeon Overview and Level Annotations

Branches:
Dungeon (1/15)

Altars:


Innate Abilities, Weirdness & Mutations

You are small and have problems with some larger weapons.
You are completely attuned to the shadows.


Message History

A bat is nearby!
The bat hits you.
A bat is nearby!
You hit the bat.
The bat is severely wounded.
The bat closely misses you.
A bat is nearby!
You hit the bat.
You kill the bat!
Key pressed, stopping explore.
No target in view!
Key pressed, stopping explore.
No target in view!
No target in view!
A jackal comes into view.
A jackal is nearby!
An endoplasm comes into view.
There are monsters nearby! 2 jackals come into view.
The jackal barks!
The endoplasm quivers.
The jackal barks!
There are monsters nearby!
Found 6 gold pieces.
The jackal misses you. The endoplasm freezes you.
You are frozen.
The jackal barks!
You hit the jackal but do no damage. The jackal bites you. x2
The endoplasm hits you. The jackal bites you.
* * * LOW HITPOINT WARNING * * *
There are monsters nearby!
You are too injured to fight recklessly!
The jackal closely misses you. x2
The jackal bites you.
* * * LOW HITPOINT WARNING * * *
The endoplasm hits you.
* * * LOW HITPOINT WARNING * * *
The jackal bites you but does no damage.
The jackal bites you.
You die...

####....(####...###
................#<#
#.##.####...#...#.#
#.##.####...#...#..
#...............###
#....######.##... #
#...## ..### ##.##
..... #@# .....
########h# .....
...#..h#J# .....
........h# .....
.......h.# .....
............. .....
$............ .....
....!$....... ....
...#......... ###


You could see an endoplasm and 3 jackals.

Vanquished Creatures
  An endoplasm (D:1)
  A giant cockroach (D:1)
  A goblin (D:1)
  A hobgoblin (D:1)
  A quokka (D:1)
  A ball python (D:1)
  A bat (D:1)
7 creatures vanquished.

Notes
Turn   | Place    | Note
-------+----------+-------------------------------------------
     0 | D:1      | Exodus22XD the Kobold Enchanter began the quest for the
                  | Orb.
     0 | D:1      | Reached XP level 1. HP: 10/10 MP: 3/3
   120 | D:1      | Reached XP level 2. HP: 15/15 MP: 5/5
   123 | D:1      | Learned a level 2 spell: Ensorcelled Hibernation
   388 | D:1      | Slain by a jackal

Illustrated notes

Levels and vault maps discovered:
D:1:      evilmike_arrival_hilbert_curve, layout_rooms, minmay_cupped

Action                   || total
-------------------------++-------
Melee: Dagger            ||    23
 Stab: Sleeping          ||     5
Armor: Robe              ||     5
Dodge: Dodged            ||    22
